 Dungeon Crawl Stone Soup version 0.31-a0-455-g1a7b003ef0 (webtiles) character file.

Game seed: 16634075714884944412

421 kae the Changeling (level 6, 0/47 HPs)
             Began as a Draconian Shapeshifter on Aug 3, 2023.
             Succumbed to a scorpion's poison
             ... on level 6 of the Dungeon.
             The game lasted 00:02:58 (3841 turns).

kae the Changeling (Draconian Shapeshifter)         Turns: 3841, Time: 00:02:59

Health: 0/47       AC:  6    Str: 17    XL:     6   Next: 62%
Magic:  6/6        EV: 18    Int:  8    God:
Gold:   246        SH:  5    Dex: 14    Spells: 5/5 levels left

rFire   . .          .
                       - Unarmed
rCold   . . .        (no shield)
rNeg    . . .        (body armour unavailable)
rPois   .            (helmet restricted)
rElec   .            (no cloak)
rCorr   .            (no gloves)
SInv    .            (no boots)
Will    .....        p - amulet "Syuba" {Reflect *Corrode Fragile +Inv Regen+ SH+5} Stlth
                     E - +5 ring of evasion
HPRegen 1.07/turn    (no ring)
MPRegen 0.10/turn

%: corrode self (3%), reflection
@: berserking, lethally poisoned (0 -> -3), maw-form, very quick
A: devouring maw, reduced hp, AC +6, unfitting armour, cold-blooded
a: Begin Untransformation, Evoke Invisibility


You were on level 6 of the Dungeon.
You were a creature with a mouth for a stomach.
You visited 1 branch of the dungeon, and saw 6 of its levels.

You collected 246 gold pieces.


Innate Abilities, Weirdness & Mutations

You are a creature with a mouth for a stomach.
Your midsection houses a second, enormous mouth.
Your maximum health is decreased, since you lack skill for your form.
Your plain brown scales are hard. (AC +6)
You cannot fit into any form of body armour.
You are cold-blooded and may be slowed by cold attacks.


   Skills:
 - Level 3.0 Fighting
 - Level 3.0 Dodging
 - Level 4.0 Unarmed Combat
 * Level 5.2 Shapeshifting


You had 5 spell levels left.
You didn't know any spells.
Your spell library contained the following spells:

 Spells                   Type           Power      Damage    Failure   Level
 Iskenderun's Battlesphe  Conj           0%         2d6       100%        5
 Leda's Unmaking          Conj/Erth      0%         9d1       100%        6
 Malign Gateway           Summ/Tloc      0%         N/A       100%        7
 Spellforged Servitor     Conj/Summ      0%         N/A       100%        7
 Summon Horrible Things   Summ           0%         N/A       100%        8

Inventory:

Missiles
 d - 79 stones
 e - 2 throwing nets {=f!f}
Magical Staves
 r - a staff of death {!a}
   (You found it on level 4 of the Dungeon)
Jewellery
 p - the amulet "Syuba" (around neck) {Reflect *Corrode Fragile +Inv Regen+ SH+5}
   (You found it on level 4 of the Dungeon)

   [amulet of reflection]

   It reflects blocked missile attacks.
   +Inv:      It lets you turn invisible.
   Regen:     It increases your rate of health regeneration.
   *Corrode:  It may corrode you when you take damage.
   Fragile:   It will be destroyed if unequipped.
   SH:        It affects your SH (+5).
 q - an amulet of reflection
   (You found it on level 4 of the Dungeon)
 E - a +5 ring of evasion (left hand)
   (You found it on level 1 of the Dungeon)
 F - a ring of fire
   (You found it on level 4 of the Dungeon)
Talismans
 b - a beast talisman
 m - a maw talisman (active)
   (You found it on level 3 of the Dungeon)
Scrolls
 i - a scroll of fear
 j - a scroll of revelation {unknown}
 n - a scroll of identify {@r1}
 o - a scroll of teleportation {@r4}
Potions
 a - a potion of lignification {!q}
 c - a potion of enlightenment
 f - 3 potions of brilliance
 h - a potion of mutation {unknown}
 k - a potion of haste {@q3}
 l - 2 potions of curing {unknown}

Dungeon Overview and Level Annotations

Branches:
Dungeon (6/15) Zot: 26994
 Temple: D:4-7

Altars:
Nemelex Xobeh

Annotations:
D:5 exclusion: ogre

### ###
#..>..
#.#.#
#O..#
#s###.#
#W.?..#
#.#####
#.# #.#
#.# #>#
#.# #.#


You could see an ogre and a scorpion.


Message History

Key pressed, stopping explore.
No target in view!
No target in view!
You open the door.
An iguana comes into view.
The iguana hisses angrily.
There is an open door here.
The iguana closely misses you.
An iguana is nearby!
You hit the iguana. The iguana bites you.
You hit the iguana. You tail-slap the iguana.
You block the iguana's attack. 😕 HP[-1]
You take 1 damage, and now have 50/51 hp.
An iguana is nearby!
You closely miss the iguana. You block the iguana's attack.
You hit the iguana.
You kill the iguana! 😎 HP[+1]
Your hp is fully restored (51).
Found a stone staircase leading up.
No target in view!
No target in view!
You now have 246 gold pieces (gained 22).
There is a stone staircase leading up here.
A dart slug comes into view.
The dart slug launches a dart at you.
The slug dart hits you but does no damage.
A dart slug is nearby!
The dart slug misses you.
A dart slug is nearby!
You completely miss the dart slug. The dart slug misses you.
You hit the dart slug but do no damage.
A dart slug is nearby!
You punch the dart slug!
You kill the dart slug!
No target in view!
You open the door.
Key pressed, stopping explore.
No target in view!
No target in view!
Key pressed, stopping explore.
Key pressed, stopping explore.
No target in view!
No target in view!
Done exploring.
Done exploring.
No target in view!
No target in view!
Done exploring.
Done exploring.
Done exploring.
Okay, then.
You begin transforming.
You continue transforming. x3
Your transformation has ended.
You turn into a creature with a mouth for a stomach. 😎 HP[-20]
You now have 31 max hp (-20).
Done exploring.
Unknown command.
Done exploring.
(D) Dungeon
Where to? (Enter - D:5, ? - help)
There is a stone staircase leading up here.
There is a stone staircase leading down here.
You climb downwards.
You hear the sound of rushing water.
There is an entrance to a sewer on this level.
Hurry and find it before the portal rusts away!
The ogre shouts!
Found a scroll of identify.
Found two stone staircases leading down.
There is a stone staircase leading up here.
There are monsters nearby!
You hit the scorpion but do no damage. Your bite misses the scorpion.
You block the scorpion's attack.
You completely miss the scorpion.
You bite the scorpion, but do no damage.
The scorpion stings you.
You hit the scorpion. You bite the scorpion.
The ogre hits you with a +0 giant club!!
Ouch! That really hurt!
* * * LOW HITPOINT WARNING * * *
The scorpion completely misses you. 😨 HP[-23]
You take 23 damage, and now have 8/31 hp.
MASSIVE DAMAGE!! (PAUSE)
The scorpion attacks as you move away! The scorpion stings you.
* * * LOW HITPOINT WARNING * * *
You are lethally poisoned!
The scorpion poisons you!
* * * LOW HITPOINT WARNING * * *
You feel very sick.
There is a stone staircase leading up here. 😱 HP[-7]
You take 7 damage, and now have 1/31 hp.
MASSIVE DAMAGE!! (PAUSE) Unknown command.
It was a potion of berserk rage.
A red film seems to cover your vision as you go berserk!
You feel yourself moving faster!
You feel mighty!
You die...

Skill      XL: |  1  2  3  4  5  6 |
---------------+-------------------+-----
Dodging        | 2 3 |  3.0
Fighting       | 2 3 |  3.0
Shapeshifting  | 4 5 |  5.2
Unarmed Combat | 4 |  4.0

Action                     |  1- 3 |  4- 6 || total
---------------------------+-------+-------++-------
  Melee: Unarmed           |    92 |   177 ||   269
         Tailslap          |    10 |    22 ||    32
         Punch             |     2 |     5 ||     7
         Maw               |       |     2 ||     2
    Use: Scroll            |     1 |     9 ||    10
         Potion            |     1 |     1 ||     2
   Stab: Sleeping          |       |     3 ||     3
 Armour: Skin              |    36 |    22 ||    58
  Dodge: Dodged            |    45 |   128 ||   173
  Block: Other             |       |     9 ||     9
   Form: Maw               |       |     1 ||     1

Levels and vault maps discovered:
D:1:      lightli_arrival_maybe_door_vault, layout_rooms
D:2:      cheibrodos_old_hovel, layout_loops_ring, uniq_jessica, uniq_robin
D:3:      layout_loops_ring, shapermc_ecumenical_altar_petra
D:4:      layout_loops_ring, mainiacjoe_overflow_alcove_1
D:5:      layout_basic
D:6:      kennysheep_big_flooded_room, layout_loops_ring, temple_hall,
          cheibrodos_sewer_entry_drain, serial_shops, shop,
          nicolae_shop_waterfront, shop, shop, minmay_misc_feat_tower

Notes
Turn   | Place    | Note
-------+----------+-------------------------------------------
     0 | D:1      | kae the Draconian Shapeshifter began the quest for the Orb.
     0 | D:1      | Reached XP level 1. HP: 16/16 MP: 1/1
     0 | D:1      | magus.rc [v1.11.3]
    73 | D:1      | HP: 4/16 [rat (2)]
    77 | D:1      | Reached XP level 2. HP: 3/23 MP: 2/2
   132 | D:1      | Reached skill level 2 in Dodging
   221 | D:1      | You add the spells Malign Gateway and Summon Horrible
                  | Things to your library.
   545 | D:2      | Noticed Robin
   565 | D:2      | Reached XP level 3. HP: 29/29 MP: 3/3
   572 | D:2      | Killed Robin
   650 | D:2      | Reached skill level 2 in Fighting
   752 | D:2      | Noticed Jessica
   766 | D:2      | Killed Jessica
   767 | D:2      | Reached XP level 4. HP: 36/36 MP: 4/4
  1001 | D:2      | HP: 9/37 [orc/+0 trident (8)]
  1004 | D:2      | HP: 2/37 [orc/+0 trident (5)]
  1191 | D:2      | You pick up a book of Power and begin reading...
  1191 | D:2      | You add the spells Iskenderun's Battlesphere, Leda's
                  | Unmaking and Spellforged Servitor to your library.
  1406 | D:3      | Reached XP level 5. HP: 32/42 MP: 5/5
  1674 | D:3      | Reached skill level 4 in Shapeshifting
  2046 | D:3      | Found a faded altar of an unknown god.
  2465 | D:4      | Identified the +4 sling "Gotsoste" {flame, rPois Str+5}
  2594 | D:4      | Identified the amulet "Syuba" {Reflect *Corrode Fragile
                  | +Inv Regen+ SH+5}
  2973 | D:4      | Found a sparkling altar of Nemelex Xobeh.
  2999 | D:5      | Entered Level 5 of the Dungeon
  3015 | D:5      | Noticed a water moccasin
  3025 | D:5      | Killed a water moccasin
  3026 | D:5      | Reached skill level 3 in Fighting
  3026 | D:5      | Reached skill level 3 in Dodging
  3026 | D:5      | Reached skill level 4 in Unarmed Combat
  3026 | D:5      | Reached XP level 6. HP: 43/51 MP: 6/6
  3400 | D:5      | HP: 9/51 [acid (4)]
  3402 | D:5      | HP: 4/51 [acid (2)]
  3403 | D:5      | Reached skill level 5 in Shapeshifting
  3840 | D:6      | HP: 3/31 [scorpion (5)]
  3840 | D:6      | HP: 1/31 [poisoned by a scorpion]
  3841 | D:6      | Succumbed to a scorpion's poison

Vanquished Creatures
  A water moccasin (D:5)
  A jelly (D:5)
  2 iguanas (D:5)
  Jessica (D:2)
  An orc wizard (D:4)
  Robin (D:2)
  5 adders
  7 worms
  2 dart slugs
  11 orcs
  4 ball pythons
  8 bats
  7 endoplasms
  4 giant cockroaches
  14 goblins
  8 hobgoblins
  3 jackals (D:3)
  6 kobolds
  A quokka (D:2)
  3 frilled lizards
  3 rats
93 creatures vanquished.

Table legend:
 A = Non-vault XP
 B = Vault XP
 C = Vault XP percentage of total XP
 D = Non-vault monster count
 E = Vault monster count
 F = Vault count percentage of total count
                 A         B        C        D         E       F
            +---------+---------+-------+---------+---------+-------
      Total |     519 |      83 |  13.8 |      80 |      13 |  14.0
            +---------+---------+-------+---------+---------+-------
        D:1 |      27 |       0 |   0.0 |      14 |       0 |   0.0
        D:2 |      81 |      83 |  50.6 |      27 |      13 |  32.5
        D:3 |      51 |       0 |   0.0 |      16 |       0 |   0.0
        D:4 |      62 |       0 |   0.0 |      14 |       0 |   0.0
        D:5 |     298 |       0 |   0.0 |       9 |       0 |   0.0
            +---------+---------+-------+---------+---------+-------

Skill      XL: |  1  2  3  4  5  6 |
---------------+-------------------+-----
Dodging        | 2 3 |  3.0
Fighting       | 2 3 |  3.0
Shapeshifting  | 4 5 |  5.2
Unarmed Combat | 4 |  4.0

Action                     |  1- 3 |  4- 6 || total
---------------------------+-------+-------++-------
  Melee: Unarmed           |    92 |   177 ||   269
         Tailslap          |    10 |    22 ||    32
         Punch             |     2 |     5 ||     7
         Maw               |       |     2 ||     2
    Use: Scroll            |     1 |     9 ||    10
         Potion            |     1 |     1 ||     2
   Stab: Sleeping          |       |     3 ||     3
 Armour: Skin              |    36 |    22 ||    58
  Dodge: Dodged            |    45 |   128 ||   173
  Block: Other             |       |     9 ||     9
   Form: Maw               |       |     1 ||     1

Illustrated notes

Table legend:
 A = Kills in this place as a percentage of kills in the entire game.
 B = Kills by you in this place as a percentage of kills by you in the entire game.
 C = Kills by friends in this place as a percentage of kills by friends in the entire game.
 D = Other kills in this place as a percentage of other kills in the entire game.
 E = Experience gained in this place as a percentage of experience gained in the entire game.
 F = Experience gained in this place divided by the number of levels of this place that you have seen.
                   A       B       C       D       E      F
               +-------+-------+-------+-------+-------+----------------------
         Total | 100.0 | 100.0 |   N/A |   N/A | 100.0 | 100.3
       Dungeon | 100.0 | 100.0 |   N/A |   N/A | 100.0 | 100.3
               +-------+-------+-------+-------+-------+----------------------

Table legend: (Time is in decaauts)
 A = Elapsed time spent in this place.
 B = Non-inter-level travel time spent in this place.
 C = Inter-level travel time spent in this place.
 D = Time resting spent in this place.
 E = Time spent auto-exploring this place.
 F = Levels seen in this place.
 G = Mean time per level.
                   A        B        C        D        E       F      G
               +--------+--------+--------+--------+--------+-----+--------+
         Total |   3827 |   3638 |    189 |    209 |   2812 |   6 |  637.8 |
       Dungeon |   3827 |   3638 |    189 |    209 |   2812 |   6 |  637.8 |
               +--------+--------+--------+--------+--------+-----+--------+

Top non-repeatable levels by time:
     D:3: 937 daAuts
     D:2: 910 daAuts
     D:5: 832 daAuts
     D:4: 668 daAuts
     D:1: 473 daAuts
     D:6: 5 daAuts
